 Dungeon Crawl Stone Soup version 0.24.0-13-gcf9b319 (webtiles) character file.

Game seed: 13286723435187805625, levelgen mode: deterministic

6229 Fang the Fighter (level 10, 0/66 HPs)
             Began as a Gargoyle Berserker on Nov 25, 2019.
             Was a High Priest of Trog.
             Slain by a troll (8 damage)
             ... on level 9 of the Dungeon.
             The game lasted 00:08:44 (8618 turns).

Fang the Fighter (Gargoyle Berserker)               Turns: 8618, Time: 00:08:45

Health: 0/66       AC: 21    Str: 24    XL:     10   Next: 92%
Magic:  19/19      EV: 10    Int:  8    God:    Trog [*****.]
Gold:   274        SH:  4    Dex:  9    Spells: 9/9 levels left

rFire    . . .     SeeInvis .   a - +0 war axe
rCold    . . .     Gourm    .   (no shield)
rNeg     + . .     Faith    .   b - +0 plate armour
rPois    ∞         Spirit   .   (no helmet)
rElec    +         Reflect  +   (no cloak)
rCorr    .         Harm     .   (no gloves)
MR       ++...                  (no boots)
Stlth    ..........             n - +4 amulet of reflection
HPRegen  1.21/turn              o - ring of magical power
MPRegen  0.16/turn              (no ring)

@: berserk cooldown, regenerating, slowed, very slow
A: negative energy resistance 1, electricity resistance, unbreathing,
petrification resistance, rot immunity, AC +7
a: Berserk, Trog's Hand, Brothers in Arms, Renounce Religion


You were on level 9 of the Dungeon.
You worshipped Trog.
Trog was extremely pleased with you.
You were not hungry.

You visited 2 branches of the dungeon, and saw 10 of its levels.

You collected 274 gold pieces.

Inventory:

Hand Weapons
 a - a +0 war axe (weapon)
Armour
 b - a +0 plate armour (worn)
Jewellery
 n - a +4 amulet of reflection (around neck)
 o - a ring of magical power (left hand)
Wands
 m - a wand of acid (7)
 s - a wand of polymorph (10)
Scrolls
 e - 10 scrolls of remove curse {unknown}
 h - a scroll of amnesia {unknown}
 j - 8 scrolls of identify {unknown}
 k - 3 scrolls of fog {unknown}
 p - 2 scrolls of teleportation {unknown}
 u - a scroll of fear {unknown}
 v - 2 scrolls of blinking {unknown}
 x - a scroll of magic mapping {unknown}
Potions
 d - 4 potions of curing {unknown}
 f - a potion of lignification {unknown}
 g - 2 potions of might {unknown}
 i - a potion of agility {unknown}
 q - a potion of degeneration {unknown}
 r - 3 potions of heal wounds {unknown}
 t - 2 potions of cancellation {unknown}
 w - a potion of haste {unknown}
Comestibles
 c - 12 rations
 l - 12 chunks of flesh


   Skills:
 + Level 9.5 Fighting
 + Level 7.9 Axes
 + Level 9.1 Armour
 + Level 7.0 Dodging


You had 9 spell levels left.
You didn't know any spells.
Your spell library was empty.

Dungeon Overview and Level Annotations

Branches:
Dungeon (9/15)             Temple (1/1) D:4
   Lair: D:8-11         Orc: D:9-12

Altars:
Ashenzari
Elyvilon
Gozag
Kikubaaqudgha
Nemelex Xobeh
Qazlal
Sif Muna
Uskayaw
Xom
Yredelemnul

Shops:
D:4 =   D:5 ?!=

Annotations:
D:4 3 runed translucent doors, acdeimund's ghost, amateur NaBe


Innate Abilities, Weirdness & Mutations

You are resistant to torment.
Your stone body is resilient. (AC +7)
You are immune to poison.
You resist negative energy. (rN+)
You are resistant to electric shocks. (rElec)
You can survive without breathing.
You are immune to petrification.
You are immune to rotting.


Message History

The yak gores you but does no damage.
Eat one of 13 chunks of flesh? (ye/n/q)
You eat one of the 13 chunks of flesh.
This raw flesh tastes terrible.
The phantom blinks!
The yak misses you. You block the yak's attack. The yak gores you.
* * * LOW HITPOINT WARNING * * *
The yak gores you but does no damage.
Your skin crawls.
You feel resistant to hostile enchantments.
You feel somewhat more hungry. The troll bites you but does no damage.
The troll completely misses you. The troll claws you but does no damage.
The yak closely misses you. The yak barely misses you.
The troll barely misses you.
The troll claws you but does no damage. x2
The orc hits you but does no damage. The phantom barely misses you.
The yak closely misses you. The troll completely misses you.
The troll misses you. The troll claws you but does no damage.
The phantom hits you.
* * * LOW HITPOINT WARNING * * *
The yak gores you but does no damage. The troll bites you!
You die...

.........#######..###.#
..................# #>#
.........########.# #.#
...≈≈....# ..##.#
.........# #.##.#
....W.)†%### .(
######!†..o# #.#
#######.###.## ..
.......@T.#..#
.....PWYYo...#
.............#
.............#
.......P....P#
.P............#
..P........P..#
....P.....P....#
...P..P..P..P...


You could see 2 yaks, a troll, a phantom and an orc.

Vanquished Creatures
  Pikel (D:7)
  A hornet (D:8)
  2 hippogriffs
  Sigmund (D:2)
  A wyvern (D:8)
  6 yaks (D:9)
  Eustachio (D:6)
  Edmund (D:5)
  Duvessa (D:5)
  3 porcupines (D:9)
  An orc warrior (D:9)
  4 ice beasts
  A phantom (D:4)
  A sky beast (D:6)
  An ogre (D:5)
  3 slaves (D:7)
  A centaur (D:9)
  A crocodile (D:9)
  2 big kobolds
  5 bullfrogs
  Dowan (D:5)
  A water moccasin skeleton (D:3)
  14 killer bees
  4 howler monkeys
  4 crimson imps
  3 hounds
  2 jellies
  Crazy Yiuf (D:4)
  A centaur skeleton (D:9)
  3 orc priests
  A gnoll shaman (D:9)
  3 orc wizards
  Ijyb (D:5)
  2 iguanas
  6 worker ants
  A hound zombie (D:4)
  2 hound skeletons
  Robin (D:4)
  4 gnolls (D:9)
  A howler monkey skeleton (D:5)
  17 adders
  2 shadow imps
  4 oozes
  2 adder skeletons
  A worm (D:2)
  2 dart slugs (D:1)
  4 leopard geckos
  27 orcs
  5 giant cockroaches
  15 goblins
  10 hobgoblins
  5 jackals
  3 quokkas
  4 ball pythons
  7 bats
  11 frilled lizards
  13 kobolds
  A leopard gecko skeleton (D:5)
  11 rats
238 creatures vanquished.

Vanquished Creatures (others)
  58 fungi (D:9)
  29 plants (D:9)
87 creatures vanquished.

Grand Total: 325 creatures vanquished

Notes
Turn   | Place    | Note
-------+----------+-------------------------------------------
     0 | D:1      | Fang the Gargoyle Berserker began the quest for the Orb.
     0 | D:1      | Reached XP level 1. HP: 14/14 MP: 1/1
   216 | D:1      | Reached XP level 2. HP: 17/19 MP: 2/2
   870 | D:2      | Reached XP level 3. HP: 13/23 MP: 3/3
  1116 | D:2      | Reached XP level 4. HP: 19/29 MP: 4/4
  1376 | D:2      | Reached ** piety under Trog
  1416 | D:2      | Noticed Sigmund
  1624 | D:2      | Killed Sigmund
  1624 | D:2      | Reached XP level 5. HP: 34/34 MP: 5/5
  1624 | D:2      | Reached XP level 6. HP: 39/39 MP: 6/6
  2286 | D:3      | Found a basalt altar of Yredelemnul.
  2647 | D:3      | Reached skill level 5 in Fighting
  2968 | D:3      | Reached XP level 7. HP: 44/44 MP: 7/7
  3032 | D:3      | Reached *** piety under Trog
  3262 | D:4      | Found a runed translucent door.
  3263 | D:4      | Noticed Crazy Yiuf
  3286 | D:4      | Found Sydihum's Jewellery Boutique.
  3349 | D:4      | Noticed Robin
  3367 | D:4      | Killed Robin
  3482 | D:4      | Found a staircase to the Ecumenical Temple.
  3630 | Temple   | Entered the Ecumenical Temple
  3888 | D:4      | Found a runed translucent gate.
  3888 | D:4      | Found a runed translucent gate.
  3888 | D:4      | Found a runed translucent gate.
  3890 | D:4      | Noticed acdeimund's ghost (amateur NaBe)
  4078 | D:5      | Entered Level 5 of the Dungeon
  4221 | D:4      | Killed Crazy Yiuf
  4308 | D:5      | Reached skill level 5 in Armour
  4309 | D:5      | Reached XP level 8. HP: 33/51 MP: 8/8
  4596 | D:5      | Found Tivafe's Magic Scroll Shoppe.
  4675 | D:5      | Noticed Ijyb
  4691 | D:5      | Killed Ijyb
  4922 | D:5      | Found Kisoraur's Jewellery Shop.
  4927 | D:5      | Reached skill level 5 in Axes
  4966 | D:5      | Noticed Dowan
  4967 | D:5      | Noticed Duvessa
  4982 | D:5      | Killed Duvessa
  4994 | D:5      | Killed Dowan
  5119 | D:5      | Found Beraevot's Distillery.
  5150 | D:5      | Found an opulent altar of Gozag.
  5260 | D:5      | Noticed Edmund
  5293 | D:5      | Killed Edmund
  5716 | D:6      | Noticed Eustachio
  5807 | D:6      | Reached **** piety under Trog
  5817 | D:6      | Reached XP level 9. HP: 36/56 MP: 9/9
  5826 | D:6      | Killed Eustachio
  5826 | D:6      | Reached skill level 5 in Dodging
  6400 | D:7      | Found an ancient bone altar of Kikubaaqudgha.
  6418 | D:7      | Noticed Pikel
  6437 | D:7      | Killed Pikel
  7059 | D:8      | Noticed a hornet
  7073 | D:8      | Killed a hornet
  7073 | D:8      | Reached XP level 10. HP: 44/64 MP: 10/10
  7425 | D:8      | Paralysed by fainting for 10 turns
  8183 | D:9      | Found a hide-covered altar of Uskayaw.
  8194 | D:9      | Found a shimmering blue altar of Sif Muna.
  8221 | D:9      | Found a shimmering altar of Xom.
  8525 | D:9      | Reached ***** piety under Trog
  8604 | D:9      | HP: 1/66 [yak (4)]
  8618 | D:9      | Slain by a troll

Levels and vault maps discovered:
D:1:      dpeg_arrival_castle, layout_basic
D:2:      kennysheep_big_flooded_room, layout_loops_cross, uniq_sigmund
D:3:      layout_basic, lemuel_doored_altar, st_stairs_12, grunt_ministairs_4,
          kennysheep_generic_room_6
D:4:      layout_loops_ring, minmay_temple_entry_antechambers, serial_shops,
          shop, first_ration, gammafunk_ghost_necromancy,
          uniq_crazy_yiuf_cottage, uniq_robin
D:5:      layout_layer_cave, overflow_temple_1_default, serial_shops,
          nicolae_shop_trees, nicolae_shop_trees, nicolae_shop_stone,
          grunt_decor_clamped, uniq_duvessa, uniq_ijyb, uniq_edmund
D:6:      layout_loops_ring, chequers_serial_rivers_micro_a, grunt_ministairs_4,
          uniq_eustachio
D:7:      layout_basic, kennysheep_mini_moat, uniq_pikel
D:8:      layout_rooms
D:9:      layout_basic, kennysheep_mini, amethyst_overflow_temple_binary,
          due_lair_maze_entry_diamond
Temple:   eino_temple_rhombus

Skill      XL: |  1  2  3  4  5  6  7  8  9 10 |
---------------+-------------------------------+-----
Axes           | 3 4 5 6 7 |  7.9
Dodging        | 2 3 4 5 7 |  7.0
Armour         | 3 4 5 6 7 9 |  9.1
Fighting       | 4 5 6 8 9 |  9.5

Action                   |  1- 3 |  4- 6 |  7- 9 | 10-12 || total
-------------------------+-------+-------+-------+-------++-------
Melee: Hand axe          |   101 |   203 |       |       ||   304
       War axe           |       |    11 |   504 |   215 ||   730
Invok: Berserk           |       |     3 |     5 |     6 ||    14
       Trog's Hand       |       |     1 |       |     6 ||     7
 Stab: Invisible         |       |       |     1 |       ||     1
  Eat: Chunk             |     1 |     9 |    14 |     8 ||    32
       Ration            |       |       |     1 |     2 ||     3
Armor: Animal skin       |    27 |    48 |       |       ||    75
       Chain mail        |       |    43 |   383 |   152 ||   578
       Plate armour      |       |       |       |   154 ||   154
Dodge: Dodged            |    88 |   150 |   294 |   226 ||   758
Block: Other             |       |       |    76 |    70 ||   146
       Reflection        |       |       |     1 |     2 ||     3
